Rocket vs Senators
Created - February 4, 2024 at 19:05
Goals
|
Rocket |
0 |
3 |
3 |
0 |
0 |
6 |
Senators |
2 |
1 |
3 |
0 |
1 |
7 |
|
Shots
|
Rocket |
15 |
15 |
11 |
0 |
3 |
41 |
Senators |
11 |
15 |
14 |
0 |
2 |
40 |
|
1st period
1. Senators , Zachary Sanford 41 (Christoph Bertschy 50) at 9:36
2. Senators , Anton Karlsson 8 (Keegan Lowe 23, Kevin Rooney 19) at 11:43
Penalties :
Anton Karlsson (Bel) for Tripping (Minor) at 5:03, Zachary Sanford (Bel) for High sticking (Minor) at 5:50, Zachary Sanford (Bel) for Hooking (Minor) at 12:05
2nd period
3. Rocket , Scott Wilson 19 (Peter Holland 34) at 1:37
4. Rocket , Jakob Lilja 6 (Luke Kunin 14) at 2:37
5. Senators , Zachary Sanford 42 (Jonas Siegenthaler 10) at 5:48
6. Rocket , JC Lipon 7 (Jakob Lilja 8) at 18:40
Penalties :
Scott Wilson (Lav) for Tripping (Minor) at 3:01, Carl Grundstrom (Bel) for Hooking (Minor) at 19:35
3rd period
7. Senators , Jacob De La Rose 17 (C.J Suess 17) at 2:44
8. Rocket , Brandon Pirri 24 (Scott Wilson 17, Peter Holland 35) at 3:06
9. Rocket , Jakob Lilja 7 (Luke Kunin 15, Andrei Mironov 11) at 8:49
10. Senators , Tomas Hyka 4 (Vitaly Abramov 4, Jordan Schmaltz 34) at 11:47
11. Senators , C.J Suess 14 (Jacob De La Rose 23, Nikita Nesterov 15) at 13:50 (PP)
12. Rocket , Peter Holland 14 (Sergey Tolchinsky 26, Andrei Mironov 12) at 16:11
Penalties :
Keegan Lowe (Bel) for Roughing (Minor) at 9:35, Sergey Tolchinsky (Lav) for Roughing (Double Minor) at 12:10, Raphael Bussieres (Lav) for Hooking (Minor) at 18:09
Overtime #1
No Goal
Penalties :
No Penalty
Shootout
Rocket, Brandon Pirri - Shot Misses the Net
Senators, Zachary Sanford - Goal!
Rocket, Scott Wilson - Shot Misses the Net
Senators, Christoph Bertschy - Stopped by Eamon McAdam
Rocket, Dominic Turgeon - Stopped by David Rittich
Penalties :
No Penalty
Goalie Stats
Eamon McAdam (Lav), 34 saves from 40 shots - (0.850), OTL, 10-5-3, 65:00 minutes
David Rittich (Bel), 35 saves from 41 shots - (0.854), W, 18-16-2, 65:00 minutes
Players Stats for Rocket
Player Name G A P +/- PIM S H SB GA TA FO MP PP MP PK MP
------------------------------------------------------------------------------------
Andrei Mironov 0 2 2 0 0 1 1 6 1 0 0/0 21:33 4:04 3:04
Branden Troock 0 0 0 -3 0 1 1 0 0 0 0/0 7:23 0:14 0:00
Brandon Pirri 1 0 1 1 0 7 3 1 0 0 1/2 18:32 0:18 1:08
Chris Bigras 0 0 0 1 0 0 0 3 0 0 0/0 17:27 4:04 3:04
Dean Kukan 0 0 0 0 0 1 2 5 0 1 0/0 25:32 4:39 4:33
Dominic Turgeon 0 0 0 0 0 3 1 0 0 1 13/24 17:49 0:00 4:54
Dylan DeMelo 0 0 0 0 0 0 0 0 0 0 0/0 8:00 0:00 0:00
Jack Glover 0 0 0 0 0 1 0 1 0 1 0/0 12:47 0:00 0:00
Jakob Lilja 2 1 3 2 0 4 5 1 0 0 0/0 9:30 0:00 0:00
JC Lipon 1 0 1 2 0 3 0 0 1 0 0/0 9:30 0:00 0:00
Karson Kuhlman 0 0 0 -3 0 0 0 0 1 0 2/3 8:26 0:18 0:00
Luke Kunin 0 2 2 2 0 2 0 1 0 0 3/10 15:57 4:15 1:49
Mikhail Maltsev 0 0 0 0 0 0 0 0 0 0 0/0 6:27 4:15 1:49
Peter Holland 1 2 3 2 0 8 1 0 0 0 21/39 21:45 4:10 0:23
Raphael Bussieres 0 0 0 -3 2 0 0 1 1 0 0/0 7:17 0:00 0:00
Rasmus Sandin 0 0 0 1 0 0 0 0 0 0 0/0 7:56 0:00 0:00
Ryan Collins 0 0 0 0 0 2 0 0 0 0 0/0 8:00 0:00 0:00
Scott Wilson 1 1 2 1 2 3 0 0 1 1 0/1 21:44 4:19 0:00
Sergey Tolchinsky 0 1 1 1 4 0 4 1 1 0 1/1 17:49 4:10 0:33
Troy Terry 0 0 0 0 0 1 0 0 0 0 0/0 11:06 0:00 0:00
Ty Rattie 0 0 0 1 0 1 0 0 0 0 0/0 9:05 4:10 4:29
Viktor Loov 0 0 0 0 0 3 2 1 0 1 0/0 24:54 4:39 4:33
Players Stats for Senators
Player Name G A P +/- PIM S H SB GA TA FO MP PP MP PK MP
------------------------------------------------------------------------------------
Anton Karlsson 1 0 1 -1 2 1 0 0 0 1 0/1 9:57 0:00 1:25
Arttu Ruotsalainen 0 0 0 1 0 0 1 2 0 0 1/2 6:16 0:00 0:00
C.J Suess 1 1 2 -1 0 6 0 1 0 0 0/0 19:23 3:20 1:58
Carl Grundstrom 0 0 0 -1 2 0 3 1 0 0 0/0 16:11 3:20 0:00
Christoph Bertschy 0 1 1 0 0 6 4 2 0 0 27/51 28:10 4:08 5:10
Grant Besse 0 0 0 -1 0 2 0 1 0 0 0/0 8:24 0:00 0:00
Gustav Forsling 0 0 0 0 0 0 0 0 0 0 0/0 3:05 0:00 0:25
Jacob De La Rose 1 1 2 -1 0 4 0 0 0 0 7/16 19:49 3:20 2:22
Jonas Siegenthaler 0 1 1 1 0 1 0 0 0 0 0/0 11:20 0:00 1:04
Joonas Lyytinen 0 0 0 -3 0 1 1 3 0 2 0/0 20:05 2:35 2:47
Jordan Schmaltz 0 1 1 1 0 1 0 2 0 1 0/0 32:16 4:53 5:34
Keegan Lowe 0 1 1 1 2 0 2 3 3 0 0/0 28:39 4:53 4:27
Kevin Rooney 0 1 1 -1 0 3 1 0 0 0 3/5 12:20 0:00 2:11
Mason Appleton 0 0 0 0 0 6 2 0 0 0 1/2 21:18 4:08 0:00
Mason Geertsen 0 0 0 1 0 0 1 2 0 1 0/0 10:38 0:00 0:22
Nikita Nesterov 0 1 1 -3 0 1 0 0 0 1 0/0 19:22 2:35 2:47
Tomas Hyka 1 0 1 1 0 2 0 0 0 0 0/0 6:16 0:00 0:00
Vitaly Abramov 0 1 1 1 0 1 0 0 1 0 0/0 6:16 0:00 0:00
Zachary Sanford 2 0 2 0 4 5 1 0 1 0 0/3 25:41 4:08 3:07
3 Stars
1 - Jakob Lilja (Lav)
2 - Peter Holland (Lav)
3 - Brandon Pirri (Lav)
Power Play
Rocket - 0 on 5 Attempt(s) - 0.00%
Senators - 1 on 4 Attempt(s) - 25.00%
Penalty Kill
Rocket - 3 on 4 Attempt(s) - 75.00%
- Score 0 goal in Penalty Kill
Senators - 5 on 5 Attempt(s) - 100.00%
- Score 0 goal in Penalty Kill
Team Stat
Rocket - Hits : 20 - Faceoff Wins : 41 - Blocked Shots : 21 - Penalty Minutes : 8
Senators - Hits : 16 - Faceoff Wins : 39 - Blocked Shots : 17 - Penalty Minutes : 10
Official
Referees : Jon McIsaac and Conor O'Donnell
Linesman : Brian Mach and Travis Toomey
Game Notes
No Game Note
Finance
Level 1 -- Attendance: 1769 (88.45%) -- Ticket Income $123,830
Level 2 -- Attendance: 894 (89.40%) -- Ticket Income $35,760
Total Attendance: 2663 (88.77%)
Total Ticket Income: $159,590
Other Income: $7,980
Total Income: $167,570
Rocket
5 vs 5 Forward
Center Left Wing Right Wing Time % Phy DF OF
1 Peter Holland Brandon Pirri Scott Wilson 40 0 2 3
2 Dominic Turgeon Sergey Tolchinsky Troy Terry 30 0 2 3
3 Luke Kunin Jakob Lilja JC Lipon 20 0 2 3
4 Karson Kuhlman Raphael Bussieres Branden Troock 10 0 2 3
5 vs 5 Defense
Defense Defense Time % Phy DF OF
1 Dean Kukan Viktor Loov 30 1 2 2
2 Jack Glover Andrei Mironov 30 1 2 2
3 Rasmus Sandin Chris Bigras 20 1 2 2
4 Ryan Collins Dylan DeMelo 20 1 2 2
PowerPlay Forward
Center Left Wing Right Wing Time % Phy DF OF
1 Luke Kunin Mikhail Maltsev Scott Wilson 60 1 2 2
2 Peter Holland Sergey Tolchinsky Ty Rattie 40 1 2 2
PowerPlay Defense
Defense Defense Time % Phy DF OF
1 Dean Kukan Viktor Loov 60 1 2 2
2 Chris Bigras Andrei Mironov 40 1 2 2
Penalty Kill 4 Players Forward
Center Wing Time % Phy DF OF
1 Dominic Turgeon Ty Rattie 60 1 2 2
2 Luke Kunin Mikhail Maltsev 40 1 2 2
Penalty Kill 4 Players Defense
Defense Defense Time % Phy DF OF
1 Dean Kukan Viktor Loov 60 1 2 2
2 Chris Bigras Andrei Mironov 40 1 2 2
Penalty Kill - 3 Players Forward
Forward Time % Phy DF OF
1 Dominic Turgeon 60 1 2 2
2 Peter Holland 40 1 2 2
Penalty Kill - 3 Players Defense
Defense Defense Time % Phy DF OF
1 Dean Kukan Viktor Loov 60 1 2 2
2 Chris Bigras Andrei Mironov 40 1 2 2
4 vs 4 Forward
Center Wing Time % Phy DF OF
1 Luke Kunin Scott Wilson 60 1 2 2
2 Peter Holland Ty Rattie 40 1 2 2
4 vs 4 Defense
Defense Defense Time % Phy DF OF
1 Dean Kukan Rasmus Sandin 60 1 2 2
2 Ryan Collins Andrei Mironov 40 1 2 2
Last Minutes Offensive
Center Left Wing Right Wing Defense Defense
Dominic Turgeon Brandon Pirri Scott Wilson Chris Bigras Viktor Loov
Last Minutes Defensive
Center Left Wing Right Wing Defense Defense
Dominic Turgeon Brandon Pirri Scott Wilson Dean Kukan Viktor Loov
Goaltenders
Starting : Eamon McAdam
Backup : Jamie Phillips
Extra Forwards
Normal : Sergey Tolchinsky, Karson Kuhlman, Ty Rattie - PP : Sergey Tolchinsky, Karson Kuhlman - PK : Sergey Tolchinsky
Extra Defensemen
Normal : Andrei Mironov, Dylan DeMelo, Jack Glover - PP : Andrei Mironov - PK : Andrei Mironov, Dylan DeMelo
Penalty Shots
Brandon Pirri, Scott Wilson, Dominic Turgeon, Peter Holland, Sergey Tolchinsky
Custom OT Lines Forwards
Brandon Pirri, Scott Wilson, Dominic Turgeon, Peter Holland, Sergey Tolchinsky, Karson Kuhlman, Ty Rattie, Jakob Lilja, Raphael Bussieres, JC Lipon
Custom OT Lines Defensemen
Dean Kukan, Viktor Loov, Chris Bigras, Andrei Mironov, Dylan DeMelo
Scratches
Damien Giroux (Healthy), Reese Johnson (Healthy), Jake Pivonka (Healthy), Francis Perron (Healthy), Taylor Leier (Healthy)
MacKenzie Entwistle (Healthy), Zack MacEwen (Healthy), Niklas Nordgren (Healthy), Alexis Gravel (Healthy), Connor Ingram (Healthy)
Senators
5 vs 5 Forward
Center Left Wing Right Wing Time % Phy DF OF
1 Christoph Bertschy Zachary Sanford Mason Appleton 40 0 2 3
2 Jacob De La Rose C.J Suess Carl Grundstrom 30 1 2 2
3 Kevin Rooney Anton Karlsson Grant Besse 20 1 2 2
4 Arttu Ruotsalainen Vitaly Abramov Tomas Hyka 10 1 2 2
5 vs 5 Defense
Defense Defense Time % Phy DF OF
1 Jordan Schmaltz Keegan Lowe 40 0 2 3
2 Joonas Lyytinen Nikita Nesterov 30 1 2 2
3 Jonas Siegenthaler Mason Geertsen 20 1 2 2
4 Gustav Forsling Jordan Schmaltz 10 1 2 2
PowerPlay Forward
Center Left Wing Right Wing Time % Phy DF OF
1 Christoph Bertschy Zachary Sanford Mason Appleton 60 1 1 3
2 Jacob De La Rose C.J Suess Carl Grundstrom 40 1 1 3
PowerPlay Defense
Defense Defense Time % Phy DF OF
1 Jordan Schmaltz Keegan Lowe 60 1 1 3
2 Joonas Lyytinen Nikita Nesterov 40 1 1 3
Penalty Kill 4 Players Forward
Center Wing Time % Phy DF OF
1 Christoph Bertschy Zachary Sanford 60 1 3 1
2 Jacob De La Rose C.J Suess 40 1 3 1
Penalty Kill 4 Players Defense
Defense Defense Time % Phy DF OF
1 Jordan Schmaltz Keegan Lowe 60 1 3 1
2 Joonas Lyytinen Nikita Nesterov 40 1 3 1
Penalty Kill - 3 Players Forward
Forward Time % Phy DF OF
1 Christoph Bertschy 60 1 3 1
2 Jacob De La Rose 40 1 3 1
Penalty Kill - 3 Players Defense
Defense Defense Time % Phy DF OF
1 Jordan Schmaltz Keegan Lowe 60 1 3 1
2 Joonas Lyytinen Nikita Nesterov 40 1 3 1
4 vs 4 Forward
Center Wing Time % Phy DF OF
1 Christoph Bertschy Zachary Sanford 60 1 2 2
2 Jacob De La Rose C.J Suess 40 1 2 2
4 vs 4 Defense
Defense Defense Time % Phy DF OF
1 Jordan Schmaltz Keegan Lowe 60 1 2 2
2 Joonas Lyytinen Nikita Nesterov 40 1 2 2
Last Minutes Offensive
Center Left Wing Right Wing Defense Defense
Christoph Bertschy Zachary Sanford Mason Appleton Jordan Schmaltz Keegan Lowe
Last Minutes Defensive
Center Left Wing Right Wing Defense Defense
Christoph Bertschy Zachary Sanford Mason Appleton Jordan Schmaltz Keegan Lowe
Goaltenders
Starting : David Rittich
Backup : Arvid Soderblom
Extra Forwards
Normal : Kevin Rooney, Mason Appleton, Carl Grundstrom - PP : Kevin Rooney, Mason Appleton - PK : Kevin Rooney
Extra Defensemen
Normal : Jonas Siegenthaler, Mason Geertsen, Gustav Forsling - PP : Jonas Siegenthaler - PK : Jonas Siegenthaler, Mason Geertsen
Penalty Shots
Zachary Sanford, Christoph Bertschy, Jacob De La Rose, C.J Suess, Kevin Rooney
Custom OT Lines Forwards
Zachary Sanford, Christoph Bertschy, Jacob De La Rose, C.J Suess, Kevin Rooney, Mason Appleton, Carl Grundstrom, Grant Besse, Anton Karlsson, Tomas Hyka
Custom OT Lines Defensemen
Jordan Schmaltz, Keegan Lowe, Joonas Lyytinen, Nikita Nesterov, Jonas Siegenthaler
Scratches
Brendan Perlini (Back Spasms Injury), David Kase (Healthy), Akil Thomas (Healthy), Ivan Morozov (Healthy), Martin Fehervary (Healthy)
Alec Regula (Healthy), Cliff Pu (Healthy), Bryce Kindopp (Healthy), Olivier Rodrigue (Healthy), Olle Eriksson Ek (Healthy)
% Time on Ice - Rocket
Lines # - Real PCT - Wanted PCT - Time Play
Normal Forward
1 - 36% - 40% - 15:48
2 - 26% - 30% - 11:25
3 - 22% - 20% - 9:30
4 - 16% - 10% - 7:06
Normal Defense
1 - 32% - 30% - 14:02
2 - 32% - 30% - 13:51
3 - 18% - 20% - 7:56
4 - 18% - 20% - 8:00
PP Forward
1 - 52% - 60% - 4:33
2 - 48% - 40% - 4:10
PP Defense
1 - 53% - 60% - 4:39
2 - 47% - 40% - 4:04
PK Forward
1 - 76% - 60% - 5:39
2 - 24% - 40% - 1:49
PK Defense
1 - 59% - 60% - 4:24
2 - 41% - 40% - 3:04
PK3 Forward
1 - 100% - 60% - 0:09
2 - 0% - 40% - 0:00
PK3 Defense
1 - 100% - 60% - 0:09
2 - 0% - 40% - 0:00
44 Forward
1 - 0% - 60%
2 - 0% - 40%
44 Defense
1 - 0% - 60%
2 - 0% - 40%
Last Minute Offensive - 0:00
Last Minute Defensive - 0:00
Total
Forward - 60:09
Defense - 60:09
|
% Time on Ice - Senators
Lines # - Real PCT - Wanted PCT - Time Play
Normal Forward
1 - 39% - 40% - 16:55
2 - 28% - 30% - 12:14
3 - 19% - 20% - 8:24
4 - 14% - 10% - 6:16
Normal Defense
1 - 39% - 40% - 17:06
2 - 32% - 30% - 14:00
3 - 23% - 20% - 10:16
4 - 6% - 10% - 2:27
PP Forward
1 - 55% - 60% - 4:08
2 - 45% - 40% - 3:20
PP Defense
1 - 65% - 60% - 4:53
2 - 35% - 40% - 2:35
PK Forward
1 - 74% - 60% - 5:33
2 - 26% - 40% - 1:58
PK Defense
1 - 70% - 60% - 5:14
2 - 30% - 40% - 2:17
PK3 Forward
1 - 67% - 60% - 0:48
2 - 33% - 40% - 0:24
PK3 Defense
1 - 58% - 60% - 0:42
2 - 42% - 40% - 0:30
44 Forward
1 - 100% - 60% - 0:09
2 - 0% - 40% - 0:00
44 Defense
1 - 100% - 60% - 0:09
2 - 0% - 40% - 0:00
Last Minute Offensive - 0:00
Last Minute Defensive - 0:00
Total
Forward - 60:09
Defense - 60:09
|
Play-by-Play
1st period
0:01 of 1st period - Mason Appleton wins face-off versus Peter Holland in neutral zone.
0:18 of 1st period - Christoph Bertschy is hit by Brandon Pirri and loses puck.
0:54 of 1st period - Wrist shot by Grant Besse.
0:54 of 1st period - Stopped by Eamon McAdam without a rebound.
0:55 of 1st period - Karson Kuhlman wins face-off versus Kevin Rooney in Rocket zone.
1:16 of 1st period - Wrist shot by Anton Karlsson.
1:16 of 1st period - Shot Blocked by Raphael Bussieres.
1:57 of 1st period - Chris Bigras is hit by Kevin Rooney and loses puck.
2:04 of 1st period - Wrist shot by Kevin Rooney.
2:04 of 1st period - Stopped by Eamon McAdam without a rebound.
2:05 of 1st period - Peter Holland wins face-off versus Christoph Bertschy in Rocket zone.
2:16 of 1st period - Snap shot by Brandon Pirri.
2:16 of 1st period - Stopped by David Rittich with a rebound.
2:18 of 1st period - Slapshot by Jack Glover.
2:18 of 1st period - Stopped by David Rittich without a rebound.
2:19 of 1st period - Dominic Turgeon wins face-off versus Jacob De La Rose in Senators zone.
2:30 of 1st period - Snap shot by Troy Terry.
2:30 of 1st period - Stopped by David Rittich without a rebound.
2:31 of 1st period - Christoph Bertschy wins face-off versus Peter Holland in Senators zone.
2:35 of 1st period - Off-side.
2:36 of 1st period - Christoph Bertschy wins face-off versus Peter Holland in neutral zone.
2:45 of 1st period - Snap shot by Mason Appleton.
2:45 of 1st period - Stopped by Eamon McAdam with a rebound.
3:07 of 1st period - Snap shot by Luke Kunin.
3:07 of 1st period - Stopped by David Rittich with a rebound.
3:09 of 1st period - Slapshot by Andrei Mironov.
3:09 of 1st period - Stopped by David Rittich with a rebound.
3:11 of 1st period - Slapshot by Andrei Mironov.
3:11 of 1st period - Shot Blocked by Keegan Lowe.
3:32 of 1st period - Wrist shot by Dominic Turgeon.
3:32 of 1st period - Stopped by David Rittich with a rebound.
3:34 of 1st period - Snap shot by Dominic Turgeon.
3:34 of 1st period - Stopped by David Rittich without a rebound.
3:35 of 1st period - Peter Holland wins face-off versus Christoph Bertschy in Senators zone.
3:40 of 1st period - Snap shot by Brandon Pirri.
3:40 of 1st period - Stopped by David Rittich without a rebound.
3:41 of 1st period - Christoph Bertschy wins face-off versus Peter Holland in Senators zone.
3:50 of 1st period - Slapshot by Brandon Pirri.
3:50 of 1st period - Deflect By Peter Holland.
3:50 of 1st period - Stopped by David Rittich with a rebound.
3:52 of 1st period - Snap shot by Peter Holland.
3:52 of 1st period - Stopped by David Rittich with a rebound.
3:54 of 1st period - Slapshot by Scott Wilson.
3:54 of 1st period - Stopped by David Rittich with a rebound.
3:56 of 1st period - Wrist shot by Peter Holland.
3:56 of 1st period - Stopped by David Rittich with a rebound.
4:03 of 1st period - Icing by Mason Geertsen.
4:04 of 1st period - Dominic Turgeon wins face-off versus Jacob De La Rose in Senators zone.
4:11 of 1st period - Snap shot by Jacob De La Rose.
4:11 of 1st period - Shot Misses the Net.
4:13 of 1st period - Wrist shot by Jonas Siegenthaler.
4:13 of 1st period - Shot Blocked by Dean Kukan.
4:31 of 1st period - Christoph Bertschy is hit by Dean Kukan and loses puck.
5:03 of 1st period - Minor Penalty to Anton Karlsson for Tripping.
5:04 of 1st period - Peter Holland wins face-off versus Christoph Bertschy in Senators zone.
5:10 of 1st period - Snap shot by Peter Holland.
5:10 of 1st period - Shot Blocked by Jordan Schmaltz.
5:12 of 1st period - Wrist shot by Peter Holland.
5:12 of 1st period - Stopped by David Rittich without a rebound.
5:13 of 1st period - Peter Holland wins face-off versus Christoph Bertschy in Senators zone.
5:41 of 1st period - Snap shot by Peter Holland.
5:41 of 1st period - Shot Misses the Net.
5:50 of 1st period - Minor Penalty to Zachary Sanford for High sticking.
5:51 of 1st period - Christoph Bertschy wins face-off versus Luke Kunin in Senators zone.
6:17 of 1st period - Dean Kukan is hit by Keegan Lowe.
6:21 of 1st period - Jacob De La Rose is hit by Andrei Mironov and loses puck.
7:03 of 1st period - Penalty to Anton Karlsson is over, Anton Karlsson is back on ice.
7:05 of 1st period - Slapshot by Nikita Nesterov.
7:05 of 1st period - Shot Blocked by Dean Kukan.
7:50 of 1st period - Penalty to Zachary Sanford is over, Zachary Sanford is back on ice.
8:20 of 1st period - Karson Kuhlman is hit by Carl Grundstrom and loses puck.
8:38 of 1st period - Slapshot by C.J Suess.
8:38 of 1st period - Stopped by Eamon McAdam with a rebound.
8:50 of 1st period - Snap shot by Jacob De La Rose.
8:50 of 1st period - Stopped by Eamon McAdam with a rebound.
8:56 of 1st period - Wrist shot by Jacob De La Rose.
8:56 of 1st period - Shot Misses the Net.
9:36 of 1st period - Wrist shot by Zachary Sanford.
9:36 of 1st period - Goal by Zachary Sanford - Rocket : 0 - Senators : 1.
9:37 of 1st period - Peter Holland wins face-off versus Christoph Bertschy in neutral zone.
9:44 of 1st period - Slapshot by Scott Wilson.
9:44 of 1st period - Shot Blocked by Christoph Bertschy.
10:04 of 1st period - Kevin Rooney is hit by Sergey Tolchinsky and loses puck.
10:15 of 1st period - Snap shot by Dominic Turgeon.
10:15 of 1st period - Stopped by David Rittich without a rebound.
10:16 of 1st period - Christoph Bertschy wins face-off versus Peter Holland in Senators zone.
10:21 of 1st period - Snap shot by Christoph Bertschy.
10:21 of 1st period - Shot Blocked by Brandon Pirri.
10:23 of 1st period - Snap shot by Mason Appleton.
10:23 of 1st period - Stopped by Eamon McAdam without a rebound.
10:24 of 1st period - Christoph Bertschy wins face-off versus Peter Holland in Rocket zone.
10:37 of 1st period - Snap shot by Christoph Bertschy.
10:37 of 1st period - Stopped by Eamon McAdam without a rebound.
10:38 of 1st period - Christoph Bertschy wins face-off versus Scott Wilson in Rocket zone.
10:43 of 1st period - Snap shot by Christoph Bertschy.
10:43 of 1st period - Stopped by Eamon McAdam without a rebound.
10:44 of 1st period - Christoph Bertschy wins face-off versus Peter Holland in Rocket zone.
10:53 of 1st period - Peter Holland is hit by Christoph Bertschy and loses puck.
11:18 of 1st period - Sergey Tolchinsky is hit by Carl Grundstrom and loses puck.
11:39 of 1st period - Snap shot by Kevin Rooney.
11:39 of 1st period - Shot Misses the Net.
11:41 of 1st period - Slapshot by Keegan Lowe.
11:41 of 1st period - Shot Blocked by Andrei Mironov.
11:43 of 1st period - Snap shot by Anton Karlsson.
11:43 of 1st period - Goal by Anton Karlsson - Rocket : 0 - Senators : 2.
11:44 of 1st period - Peter Holland wins face-off versus Christoph Bertschy in neutral zone.
12:05 of 1st period - Minor Penalty to Zachary Sanford for Hooking.
12:06 of 1st period - Christoph Bertschy wins face-off versus Luke Kunin in Senators zone.
12:19 of 1st period - Slapshot by Luke Kunin.
12:19 of 1st period - Stopped by David Rittich with a rebound.
13:08 of 1st period - Icing by Sergey Tolchinsky.
13:09 of 1st period - Kevin Rooney wins face-off versus Luke Kunin in Rocket zone.
13:24 of 1st period - Kevin Rooney is hit by Viktor Loov and loses puck.
14:05 of 1st period - Penalty to Zachary Sanford is over, Zachary Sanford is back on ice.
14:21 of 1st period - Slapshot by Andrei Mironov.
14:21 of 1st period - Shot Misses the Net.
15:19 of 1st period - Ryan Collins is hit by Arttu Ruotsalainen and loses puck.
15:28 of 1st period - Nikita Nesterov is hit by Dean Kukan and loses puck.
15:43 of 1st period - Slapshot by Viktor Loov.
15:43 of 1st period - Shot Blocked by Keegan Lowe.
16:15 of 1st period - Keegan Lowe is hit by Sergey Tolchinsky and loses puck.
16:37 of 1st period - Off-side.
16:38 of 1st period - Kevin Rooney wins face-off versus Karson Kuhlman in neutral zone.
17:08 of 1st period - Andrei Mironov is hit by Zachary Sanford.
17:19 of 1st period - Dominic Turgeon is hit by Mason Appleton and loses puck.
18:01 of 1st period - Snap shot by Anton Karlsson.
18:01 of 1st period - Shot Blocked by Dean Kukan.
19:06 of 1st period - Snap shot by Peter Holland.
19:06 of 1st period - Shot Blocked by Joonas Lyytinen.
19:18 of 1st period - Wrist shot by Christoph Bertschy.
19:18 of 1st period - Stopped by Eamon McAdam without a rebound.
19:19 of 1st period - Luke Kunin wins face-off versus Jacob De La Rose in Rocket zone.
19:24 of 1st period - Slapshot by C.J Suess.
19:24 of 1st period - Shot Blocked by Andrei Mironov.
19:43 of 1st period - Icing by Jordan Schmaltz.
19:44 of 1st period - Peter Holland wins face-off versus Kevin Rooney in Senators zone.
Goals for this period are 0 for Rocket vs 2 for Senators.
Shots for this period are 15 for Rocket vs 11 for Senators.
2nd period
0:01 of 2nd period - Peter Holland wins face-off versus Christoph Bertschy in neutral zone.
0:04 of 2nd period - Wrist shot by Peter Holland.
0:04 of 2nd period - Stopped by David Rittich without a rebound.
0:05 of 2nd period - Peter Holland wins face-off versus Zachary Sanford in Senators zone.
0:27 of 2nd period - Off-side.
0:28 of 2nd period - Dominic Turgeon wins face-off versus Jacob De La Rose in neutral zone.
0:31 of 2nd period - Joonas Lyytinen is hit by Sergey Tolchinsky and loses puck.
0:38 of 2nd period - Wrist shot by Sergey Tolchinsky.
0:38 of 2nd period - Shot Misses the Net.
0:40 of 2nd period - Slapshot by Viktor Loov.
0:40 of 2nd period - Shot Misses the Net.
0:42 of 2nd period - Slapshot by Viktor Loov.
0:42 of 2nd period - Shot Misses the Net.
0:44 of 2nd period - Slapshot by Viktor Loov.
0:44 of 2nd period - Shot Blocked by Carl Grundstrom.
0:55 of 2nd period - Off-side.
0:56 of 2nd period - Christoph Bertschy wins face-off versus Luke Kunin in neutral zone.
1:35 of 2nd period - Wrist shot by Jakob Lilja.
1:35 of 2nd period - Stopped by David Rittich without a rebound.
1:36 of 2nd period - Peter Holland wins face-off versus Jacob De La Rose in Senators zone.
1:37 of 2nd period - Wrist shot by Scott Wilson.
1:37 of 2nd period - Deflect By Joonas Lyytinen.
1:37 of 2nd period - Goal by Scott Wilson - Rocket : 1 - Senators : 2.
1:38 of 2nd period - Christoph Bertschy wins face-off versus Peter Holland in neutral zone.
1:43 of 2nd period - Snap shot by Christoph Bertschy.
1:43 of 2nd period - Shot Blocked by Andrei Mironov.
2:26 of 2nd period - Nikita Nesterov is hit by Jakob Lilja and loses puck.
2:37 of 2nd period - Slapshot by Jakob Lilja.
2:37 of 2nd period - Goal by Jakob Lilja - Rocket : 2 - Senators : 2.
2:38 of 2nd period - Peter Holland wins face-off versus Mason Appleton in neutral zone.
2:49 of 2nd period - Slapshot by Jordan Schmaltz.
2:49 of 2nd period - Shot Misses the Net.
2:51 of 2nd period - Snap shot by Zachary Sanford.
2:51 of 2nd period - Shot Blocked by Andrei Mironov.
2:53 of 2nd period - Snap shot by Mason Appleton.
2:53 of 2nd period - Shot Misses the Net.
2:55 of 2nd period - Wrist shot by Mason Appleton.
2:55 of 2nd period - Stopped by Eamon McAdam with a rebound.
3:01 of 2nd period - Minor Penalty to Scott Wilson for Tripping.
3:02 of 2nd period - Dominic Turgeon wins face-off versus Christoph Bertschy in Rocket zone.
3:10 of 2nd period - Off-side.
3:11 of 2nd period - Dominic Turgeon wins face-off versus Christoph Bertschy in neutral zone.
3:20 of 2nd period - Wrist shot by Ty Rattie.
3:20 of 2nd period - Stopped by David Rittich with a rebound.
3:22 of 2nd period - Slapshot by Viktor Loov.
3:22 of 2nd period - Shot Misses the Net.
3:24 of 2nd period - Slapshot by Dominic Turgeon.
3:24 of 2nd period - Shot Misses the Net.
3:26 of 2nd period - Slapshot by Viktor Loov.
3:26 of 2nd period - Shot Misses the Net.
3:36 of 2nd period - Snap shot by Jacob De La Rose.
3:36 of 2nd period - Deflect By C.J Suess.
3:36 of 2nd period - Stopped by Eamon McAdam without a rebound.
3:37 of 2nd period - Jacob De La Rose wins face-off versus Dominic Turgeon in Rocket zone.
3:46 of 2nd period - Wrist shot by C.J Suess.
3:46 of 2nd period - Shot Blocked by Andrei Mironov.
3:48 of 2nd period - Slapshot by C.J Suess.
3:48 of 2nd period - Shot Misses the Net.
3:50 of 2nd period - Snap shot by Jacob De La Rose.
3:50 of 2nd period - Stopped by Eamon McAdam without a rebound.
3:51 of 2nd period - Christoph Bertschy wins face-off versus Dominic Turgeon in Rocket zone.
5:01 of 2nd period - Penalty to Scott Wilson is over, Scott Wilson is back on ice.
5:15 of 2nd period - Off-side.
5:16 of 2nd period - Arttu Ruotsalainen wins face-off versus Peter Holland in neutral zone.
5:27 of 2nd period - Wrist shot by Peter Holland.
5:27 of 2nd period - Shot Blocked by Mason Geertsen.
5:29 of 2nd period - Slapshot by Ryan Collins.
5:29 of 2nd period - Stopped by David Rittich with a rebound.
5:48 of 2nd period - Snap shot by Zachary Sanford.
5:48 of 2nd period - Goal by Zachary Sanford - Rocket : 2 - Senators : 3.
5:49 of 2nd period - Christoph Bertschy wins face-off versus Peter Holland in neutral zone.
5:54 of 2nd period - Snap shot by Mason Appleton.
5:54 of 2nd period - Stopped by Eamon McAdam without a rebound.
5:55 of 2nd period - Peter Holland wins face-off versus Christoph Bertschy in Rocket zone.
6:05 of 2nd period - Jack Glover is hit by Christoph Bertschy.
6:45 of 2nd period - Slapshot by Jack Glover.
6:45 of 2nd period - Shot Blocked by Joonas Lyytinen.
8:35 of 2nd period - Snap shot by Jakob Lilja.
8:35 of 2nd period - Shot Misses the Net.
8:37 of 2nd period - Wrist shot by Jakob Lilja.
8:37 of 2nd period - Shot Blocked by Mason Geertsen.
8:49 of 2nd period - Slapshot by Vitaly Abramov.
8:49 of 2nd period - Stopped by Eamon McAdam without a rebound.
8:50 of 2nd period - Karson Kuhlman wins face-off versus Arttu Ruotsalainen in Rocket zone.
8:59 of 2nd period - Wrist shot by Tomas Hyka.
8:59 of 2nd period - Stopped by Eamon McAdam with a rebound.
10:44 of 2nd period - Snap shot by Carl Grundstrom.
10:44 of 2nd period - Shot Misses the Net.
10:46 of 2nd period - Slapshot by Jonas Siegenthaler.
10:46 of 2nd period - Stopped by Eamon McAdam without a rebound.
10:47 of 2nd period - Peter Holland wins face-off versus Christoph Bertschy in Rocket zone.
11:00 of 2nd period - Snap shot by Brandon Pirri.
11:00 of 2nd period - Stopped by David Rittich with a rebound.
11:20 of 2nd period - Snap shot by JC Lipon.
11:20 of 2nd period - Stopped by David Rittich with a rebound.
11:22 of 2nd period - Slapshot by Ryan Collins.
11:22 of 2nd period - Stopped by David Rittich without a rebound.
11:23 of 2nd period - Christoph Bertschy wins face-off versus Peter Holland in Senators zone.
11:23 of 2nd period - Christoph Bertschy is hit by Viktor Loov.
11:33 of 2nd period - Backhand shot by Peter Holland.
11:33 of 2nd period - Stopped by David Rittich without a rebound.
11:34 of 2nd period - Christoph Bertschy wins face-off versus Peter Holland in Senators zone.
11:34 of 2nd period - Christoph Bertschy is hit by Brandon Pirri.
12:08 of 2nd period - Snap shot by Sergey Tolchinsky.
12:08 of 2nd period - Shot Misses the Net.
12:50 of 2nd period - Slapshot by Joonas Lyytinen.
12:50 of 2nd period - Shot Blocked by Jack Glover.
13:25 of 2nd period - Off-side.
13:26 of 2nd period - Dominic Turgeon wins face-off versus Jacob De La Rose in neutral zone.
14:13 of 2nd period - Wrist shot by Jakob Lilja.
14:13 of 2nd period - Stopped by David Rittich with a rebound.
14:22 of 2nd period - Off-side.
14:23 of 2nd period - Peter Holland wins face-off versus Jacob De La Rose in neutral zone.
14:36 of 2nd period - Wrist shot by Brandon Pirri.
14:36 of 2nd period - Stopped by David Rittich without a rebound.
14:37 of 2nd period - Christoph Bertschy wins face-off versus Dominic Turgeon in Senators zone.
14:42 of 2nd period - Dominic Turgeon is hit by Christoph Bertschy and loses puck.
14:51 of 2nd period - Slapshot by Mason Appleton.
14:51 of 2nd period - Shot Blocked by Sergey Tolchinsky.
14:53 of 2nd period - Slapshot by Jordan Schmaltz.
14:53 of 2nd period - Stopped by Eamon McAdam with a rebound.
15:23 of 2nd period - Wrist shot by Karson Kuhlman.
15:23 of 2nd period - Shot Blocked by Grant Besse.
15:25 of 2nd period - Slapshot by Viktor Loov.
15:25 of 2nd period - Shot Blocked by Keegan Lowe.
15:27 of 2nd period - Slapshot by Viktor Loov.
15:27 of 2nd period - Stopped by David Rittich with a rebound.
15:29 of 2nd period - Slapshot by Karson Kuhlman.
15:29 of 2nd period - Shot Misses the Net.
15:31 of 2nd period - Slapshot by Viktor Loov.
15:31 of 2nd period - Shot Misses the Net.
16:17 of 2nd period - Snap shot by Christoph Bertschy.
16:17 of 2nd period - Shot Misses the Net.
16:37 of 2nd period - Wrist shot by C.J Suess.
16:37 of 2nd period - Stopped by Eamon McAdam without a rebound.
16:38 of 2nd period - Christoph Bertschy wins face-off versus Dominic Turgeon in Rocket zone.
16:45 of 2nd period - Wrist shot by Christoph Bertschy.
16:45 of 2nd period - Stopped by Eamon McAdam without a rebound.
16:46 of 2nd period - Dominic Turgeon wins face-off versus Christoph Bertschy in Rocket zone.
17:02 of 2nd period - Snap shot by Zachary Sanford.
17:02 of 2nd period - Shot Blocked by Chris Bigras.
17:04 of 2nd period - Slapshot by Nikita Nesterov.
17:04 of 2nd period - Deflect By Sergey Tolchinsky.
17:04 of 2nd period - Stopped by Eamon McAdam with a rebound.
17:06 of 2nd period - Slapshot by Christoph Bertschy.
17:06 of 2nd period - Stopped by Eamon McAdam without a rebound.
17:07 of 2nd period - Jacob De La Rose wins face-off versus Peter Holland in Rocket zone.
17:14 of 2nd period - Jonas Siegenthaler is hit by Peter Holland and loses puck.
17:33 of 2nd period - Viktor Loov is hit by Mason Geertsen and loses puck.
17:38 of 2nd period - Snap shot by Christoph Bertschy.
17:38 of 2nd period - Stopped by Eamon McAdam without a rebound.
17:39 of 2nd period - Christoph Bertschy wins face-off versus Dominic Turgeon in Rocket zone.
17:40 of 2nd period - Snap shot by Zachary Sanford.
17:40 of 2nd period - Deflect By Christoph Bertschy.
17:40 of 2nd period - Shot Misses the Net.
17:40 of 2nd period - Puck is out of play.
17:41 of 2nd period - Christoph Bertschy wins face-off versus Dominic Turgeon in Rocket zone.
17:50 of 2nd period - Snap shot by Zachary Sanford.
17:50 of 2nd period - Stopped by Eamon McAdam without a rebound.
17:51 of 2nd period - Christoph Bertschy wins face-off versus Peter Holland in Rocket zone.
18:06 of 2nd period - Wrist shot by Peter Holland.
18:06 of 2nd period - Stopped by David Rittich without a rebound.
18:07 of 2nd period - Jacob De La Rose wins face-off versus Dominic Turgeon in Senators zone.
18:16 of 2nd period - C.J Suess is hit by Sergey Tolchinsky and loses puck.
18:33 of 2nd period - Jordan Schmaltz is hit by Jakob Lilja and loses puck.
18:40 of 2nd period - Slapshot by JC Lipon.
18:40 of 2nd period - Goal by JC Lipon - Rocket : 3 - Senators : 3.
18:41 of 2nd period - Peter Holland wins face-off versus Christoph Bertschy in neutral zone.
18:44 of 2nd period - Slapshot by Jack Glover.
18:44 of 2nd period - Shot Blocked by Jordan Schmaltz.
18:50 of 2nd period - Jack Glover is hit by Christoph Bertschy and loses puck.
19:07 of 2nd period - Jacob De La Rose is hit by Dominic Turgeon and loses puck.
19:13 of 2nd period - Off-side.
19:14 of 2nd period - Sergey Tolchinsky wins face-off versus Jacob De La Rose in neutral zone.
19:35 of 2nd period - Minor Penalty to Carl Grundstrom for Hooking.
19:36 of 2nd period - Christoph Bertschy wins face-off versus Luke Kunin in Senators zone.
Goals for this period are 3 for Rocket vs 1 for Senators.
Shots for this period are 15 for Rocket vs 15 for Senators.
3rd period
0:01 of 3rd period - Luke Kunin wins face-off versus Christoph Bertschy in neutral zone.
0:04 of 3rd period - Slapshot by Viktor Loov.
0:04 of 3rd period - Stopped by David Rittich with a rebound.
0:06 of 3rd period - Slapshot by Dean Kukan.
0:06 of 3rd period - Stopped by David Rittich without a rebound.
0:07 of 3rd period - Christoph Bertschy wins face-off versus Luke Kunin in Senators zone.
1:35 of 3rd period - Penalty to Carl Grundstrom is over, Carl Grundstrom is back on ice.
1:47 of 3rd period - Slapshot by Kevin Rooney.
1:47 of 3rd period - Stopped by Eamon McAdam with a rebound.
1:55 of 3rd period - Snap shot by Karson Kuhlman.
1:55 of 3rd period - Shot Misses the Net.
2:23 of 3rd period - Snap shot by Grant Besse.
2:23 of 3rd period - Shot Blocked by Chris Bigras.
2:29 of 3rd period - Kevin Rooney is hit by Jakob Lilja and loses puck.
2:40 of 3rd period - Snap shot by Grant Besse.
2:40 of 3rd period - Stopped by Eamon McAdam without a rebound.
2:41 of 3rd period - Jacob De La Rose wins face-off versus Brandon Pirri in Rocket zone.
2:44 of 3rd period - Snap shot by Jacob De La Rose.
2:44 of 3rd period - Goal by Jacob De La Rose - Rocket : 3 - Senators : 4.
2:45 of 3rd period - Christoph Bertschy wins face-off versus Peter Holland in neutral zone.
2:54 of 3rd period - Slapshot by Peter Holland.
2:54 of 3rd period - Deflect By Scott Wilson.
2:54 of 3rd period - Shot Hit the Post.
2:54 of 3rd period - Puck is out of play.
2:55 of 3rd period - Peter Holland wins face-off versus Christoph Bertschy in Senators zone.
3:06 of 3rd period - Backhand shot by Brandon Pirri.
3:06 of 3rd period - Goal by Brandon Pirri - Rocket : 4 - Senators : 4.
3:07 of 3rd period - Christoph Bertschy wins face-off versus Peter Holland in neutral zone.
3:18 of 3rd period - Slapshot by Zachary Sanford.
3:18 of 3rd period - Stopped by Eamon McAdam without a rebound.
3:19 of 3rd period - Peter Holland wins face-off versus Christoph Bertschy in Rocket zone.
3:24 of 3rd period - Wrist shot by Christoph Bertschy.
3:24 of 3rd period - Shot Blocked by Andrei Mironov.
3:26 of 3rd period - Snap shot by Christoph Bertschy.
3:26 of 3rd period - Deflect By Mason Appleton.
3:26 of 3rd period - Stopped by Eamon McAdam without a rebound.
3:27 of 3rd period - Christoph Bertschy wins face-off versus Peter Holland in Rocket zone.
3:46 of 3rd period - Snap shot by Zachary Sanford.
3:46 of 3rd period - Deflect By Scott Wilson.
3:46 of 3rd period - Shot Misses the Net.
3:46 of 3rd period - Puck is out of play.
3:47 of 3rd period - Jacob De La Rose wins face-off versus Dominic Turgeon in Rocket zone.
4:21 of 3rd period - Wrist shot by Brandon Pirri.
4:21 of 3rd period - Shot Blocked by Joonas Lyytinen.
4:37 of 3rd period - Snap shot by Kevin Rooney.
4:37 of 3rd period - Stopped by Eamon McAdam with a rebound.
4:39 of 3rd period - Wrist shot by Joonas Lyytinen.
4:39 of 3rd period - Shot Blocked by Chris Bigras.
4:41 of 3rd period - Snap shot by Nikita Nesterov.
4:41 of 3rd period - Shot Blocked by Jakob Lilja.
4:43 of 3rd period - Wrist shot by Grant Besse.
4:43 of 3rd period - Shot Misses the Net.
4:45 of 3rd period - Snap shot by Anton Karlsson.
4:45 of 3rd period - Shot Misses the Net.
4:47 of 3rd period - Backhand shot by Nikita Nesterov.
4:47 of 3rd period - Shot Blocked by Luke Kunin.
6:07 of 3rd period - Snap shot by Kevin Rooney.
6:07 of 3rd period - Shot Misses the Net.
6:09 of 3rd period - Wrist shot by Kevin Rooney.
6:09 of 3rd period - Shot Blocked by Dean Kukan.
6:11 of 3rd period - Wrist shot by Kevin Rooney.
6:11 of 3rd period - Shot Blocked by Dean Kukan.
6:21 of 3rd period - Wrist shot by Raphael Bussieres.
6:21 of 3rd period - Deflect By Branden Troock.
6:21 of 3rd period - Stopped by David Rittich with a rebound.
6:27 of 3rd period - Gustav Forsling is hit by Branden Troock and loses puck.
6:40 of 3rd period - Wrist shot by C.J Suess.
6:40 of 3rd period - Stopped by Eamon McAdam with a rebound.
7:11 of 3rd period - Snap shot by Karson Kuhlman.
7:11 of 3rd period - Shot Misses the Net.
7:13 of 3rd period - Slapshot by Dean Kukan.
7:13 of 3rd period - Shot Blocked by C.J Suess.
7:15 of 3rd period - Slapshot by Viktor Loov.
7:15 of 3rd period - Stopped by David Rittich without a rebound.
7:16 of 3rd period - Peter Holland wins face-off versus Christoph Bertschy in Senators zone.
7:31 of 3rd period - Snap shot by Peter Holland.
7:31 of 3rd period - Shot Blocked by Christoph Bertschy.
7:43 of 3rd period - Nikita Nesterov is hit by Jakob Lilja.
7:51 of 3rd period - Wrist shot by Grant Besse.
7:51 of 3rd period - Shot Misses the Net.
8:09 of 3rd period - Snap shot by Dominic Turgeon.
8:09 of 3rd period - Shot Blocked by Arttu Ruotsalainen.
8:25 of 3rd period - Jacob De La Rose is hit by Brandon Pirri and loses puck.
8:49 of 3rd period - Snap shot by Jakob Lilja.
8:49 of 3rd period - Goal by Jakob Lilja - Rocket : 5 - Senators : 4.
8:50 of 3rd period - Christoph Bertschy wins face-off versus Peter Holland in neutral zone.
9:01 of 3rd period - Wrist shot by Zachary Sanford.
9:01 of 3rd period - Stopped by Eamon McAdam without a rebound.
9:02 of 3rd period - Peter Holland wins face-off versus Zachary Sanford in Rocket zone.
9:11 of 3rd period - Snap shot by Brandon Pirri.
9:11 of 3rd period - Stopped by David Rittich with a rebound.
9:13 of 3rd period - Slapshot by Chris Bigras.
9:13 of 3rd period - Deflect By Scott Wilson.
9:13 of 3rd period - Shot Misses the Net.
9:13 of 3rd period - Puck is out of play.
9:14 of 3rd period - Peter Holland wins face-off versus Christoph Bertschy in Senators zone.
9:17 of 3rd period - Wrist shot by Brandon Pirri.
9:17 of 3rd period - Stopped by David Rittich with a rebound.
9:35 of 3rd period - Minor Penalty to Keegan Lowe for Roughing.
9:36 of 3rd period - Luke Kunin wins face-off versus Christoph Bertschy in Senators zone.
9:51 of 3rd period - Slapshot by Scott Wilson.
9:51 of 3rd period - Stopped by David Rittich with a rebound.
11:35 of 3rd period - Penalty to Keegan Lowe is over, Keegan Lowe is back on ice.
11:47 of 3rd period - Snap shot by Tomas Hyka.
11:47 of 3rd period - Goal by Tomas Hyka - Rocket : 5 - Senators : 5.
11:48 of 3rd period - Dominic Turgeon wins face-off versus Christoph Bertschy in neutral zone.
12:10 of 3rd period - Double Minor Penalty to Sergey Tolchinsky for Roughing.
12:11 of 3rd period - Dominic Turgeon wins face-off versus Christoph Bertschy in Rocket zone.
12:43 of 3rd period - Off-side.
12:44 of 3rd period - Dominic Turgeon wins face-off versus Christoph Bertschy in neutral zone.
12:57 of 3rd period - Slapshot by Joonas Lyytinen.
12:57 of 3rd period - Stopped by Eamon McAdam without a rebound.
12:58 of 3rd period - Jacob De La Rose wins face-off versus Dominic Turgeon in Rocket zone.
13:40 of 3rd period - Off-side.
13:41 of 3rd period - Jacob De La Rose wins face-off versus Dominic Turgeon in neutral zone.
13:46 of 3rd period - Slapshot by Nikita Nesterov.
13:46 of 3rd period - Deflect By C.J Suess.
13:46 of 3rd period - Stopped by Eamon McAdam with a rebound.
13:48 of 3rd period - Wrist shot by Jacob De La Rose.
13:48 of 3rd period - Stopped by Eamon McAdam with a rebound.
13:50 of 3rd period - Snap shot by C.J Suess.
13:50 of 3rd period - Goal by C.J Suess - Rocket : 5 - Senators : 6.
13:51 of 3rd period - Dominic Turgeon wins face-off versus Christoph Bertschy in neutral zone.
15:09 of 3rd period - Viktor Loov is hit by Carl Grundstrom and loses puck.
15:38 of 3rd period - Andrei Mironov is hit by Joonas Lyytinen and loses puck.
15:50 of 3rd period - Penalty to Sergey Tolchinsky is over, Sergey Tolchinsky is back on ice.
16:11 of 3rd period - Wrist shot by Peter Holland.
16:11 of 3rd period - Goal by Peter Holland - Rocket : 6 - Senators : 6.
16:12 of 3rd period - Kevin Rooney wins face-off versus Luke Kunin in neutral zone.
16:14 of 3rd period - Keegan Lowe is hit by Jakob Lilja and loses puck.
16:58 of 3rd period - Backhand shot by JC Lipon.
16:58 of 3rd period - Shot Blocked by Arttu Ruotsalainen.
17:18 of 3rd period - Wrist shot by JC Lipon.
17:18 of 3rd period - Stopped by David Rittich without a rebound.
17:19 of 3rd period - Peter Holland wins face-off versus Anton Karlsson in Senators zone.
17:44 of 3rd period - Wrist shot by Mason Appleton.
17:44 of 3rd period - Stopped by Eamon McAdam with a rebound.
18:09 of 3rd period - Minor Penalty to Raphael Bussieres for Hooking.
18:10 of 3rd period - Dominic Turgeon wins face-off versus Christoph Bertschy in Rocket zone.
19:57 of 3rd period - Chris Bigras is hit by Keegan Lowe and loses puck.
Goals for this period are 3 for Rocket vs 3 for Senators.
Shots for this period are 11 for Rocket vs 14 for Senators.
Overtime #1
0:01 of 1st overtime period - Christoph Bertschy wins face-off versus Dominic Turgeon in neutral zone.
0:09 of 1st overtime period - Penalty to Raphael Bussieres is over, Raphael Bussieres is back on ice.
1:12 of 1st overtime period - Icing by Jordan Schmaltz.
1:13 of 1st overtime period - Dominic Turgeon wins face-off versus Zachary Sanford in Senators zone.
2:48 of 1st overtime period - Karson Kuhlman is hit by Mason Appleton and loses puck.
3:10 of 1st overtime period - Icing by Scott Wilson.
3:11 of 1st overtime period - Brandon Pirri wins face-off versus Jacob De La Rose in Rocket zone.
4:08 of 1st overtime period - Snap shot by Zachary Sanford.
4:08 of 1st overtime period - Shot Blocked by Viktor Loov.
Goals for this period are 0 for Rocket vs 0 for Senators.
Shots for this period are 0 for Rocket vs 0 for Senators.
ShootOut
5:00 of 1st overtime period - Round #1.
5:00 of 1st overtime period - Rocket, Brandon Pirri.
5:00 of 1st overtime period - Deke by Brandon Pirri.
5:00 of 1st overtime period - Shot Misses the Net.
5:00 of 1st overtime period - Senators, Zachary Sanford.
5:00 of 1st overtime period - Wrist shot by Zachary Sanford.
5:00 of 1st overtime period - Goal by Zachary Sanford.
5:00 of 1st overtime period - Round #2.
5:00 of 1st overtime period - Rocket, Scott Wilson.
5:00 of 1st overtime period - Snap shot by Scott Wilson.
5:00 of 1st overtime period - Shot Misses the Net.
5:00 of 1st overtime period - Senators, Christoph Bertschy.
5:00 of 1st overtime period - Deke by Christoph Bertschy.
5:00 of 1st overtime period - Stopped by Eamon McAdam.
5:00 of 1st overtime period - Round #3.
5:00 of 1st overtime period - Rocket, Dominic Turgeon.
5:00 of 1st overtime period - Deke by Dominic Turgeon.
5:00 of 1st overtime period - Stopped by David Rittich.